 Dungeon Crawl Stone Soup version 0.29.0-11-gd7f09526c8 (webtiles) character file.

Game seed: 5167246498124339582

86 pacmanke6689 the Digger (level 4, 0/24 HPs)
             Began as a Gargoyle Earth Elementalist on Sept 6, 2022.
             Slain by an orc priest
             ... wielding a +0 club
              (4 damage)
             ... on level 3 of the Dungeon.
             The game lasted 00:05:50 (2353 turns).

pacmanke6689 the Digger (GrEE)                      Turns: 2353, Time: 00:05:51

Health: 0/24       AC:  7    Str: 12    XL:     4   Next: 50%
Magic:  8/8        EV: 12    Int: 17    God:
Gold:   117        SH:  0    Dex: 10    Spells: 8/9 levels left

rFire   . . .      SeeInvis .   l - +0 mace
rCold   . . .      Faith    .   (no shield)
rNeg    + . .      Spirit   .   a - +0 robe
rPois   ∞          Reflect  .   (no helmet)
rElec   +          Harm     .   (no cloak)
rCorr   .          Rampage  .   o - +1 pair of gloves
Will    .....                   (no boots)
Stlth   ++........              (no amulet)
HPRegen 0.08/turn               (no ring)
MPRegen 0.11/turn               (no ring)

@: hasted, very quick
A: sickness immunity, AC +3, negative energy resistance 1, electricity
resistance, torment resistance 1, petrification resistance
a: no special abilities


You were on level 3 of the Dungeon.
You visited 1 branch of the dungeon, and saw 4 of its levels.

You collected 117 gold pieces.

Inventory:

Hand Weapons
 l - a +0 mace (weapon)
Armour
 a - a +0 robe (worn)
 o - a +1 pair of gloves (worn)
Jewellery
 e - an amulet of the acrobat
Potions
 b - a potion of magic
 c - 2 potions of haste
 d - 2 potions of brilliance
 f - a potion of curing
 g - a potion of cancellation {unknown}
 j - a potion of flight {unknown}
 n - a potion of might {unknown}


   Skills:
 + Level 0.2 Fighting
 + Level 0.4 Maces & Flails
 + Level 1.8 Dodging
 + Level 2.5 Stealth
 + Level 3.0 Spellcasting
 + Level 0.7 Transmutations
 + Level 4.8 Earth Magic


You had 8 spell levels left.
You knew the following spells:

 Your Spells              Type           Power      Damage    Failure   Level
a - Sandblast             Erth           38%        2d10      2%          1

Your spell library contained the following spells:

 Spells                   Type           Power      Damage    Failure   Level
 Passwall                 Tmut/Erth      10%        N/A       9%          2
 Foxfire                  Conj/Fire      8%         2x1d4     17%         1
 Stone Arrow              Conj/Erth      20%        3d8       19%         3
 Scorch                   Fire           4%         2d5       26%         2
 Conjure Flame            Conj/Fire      2%         6-21      45%         3
 Inner Flame              Hex/Fire       2%         N/A       45%         3
 Petrify                  Tmut/Erth      12%        N/A       50%         4
 Flame Wave               Conj/Fire      2%         2d4       86%         4
 Summon Cactus Giant      Summ           1%         N/A       100%        6


Dungeon Overview and Level Annotations

Branches:
Dungeon (4/15)
 Temple: D:4-7

Altars:

Shops:
D:4 ***:

Annotations:
D:3 Grinder


Innate Abilities, Weirdness & Mutations

You are immune to sickness and miasma.
Your stone body is resilient. (AC +3)
You are immune to poison.
You resist negative energy. (rN+)
You are resistant to electric shocks. (rElec)
You are resistant to unholy torment.
You are immune to petrification.


Message History

The orc priest mumbles some strange prayers to Beogh against you.
Beogh smites you!
Ouch! That really hurt!
You hear a shout!
You barely miss the orc priest. The orc priest closely misses you.
The orc priest mumbles some strange prayers to Beogh against you.
Pain shoots through your body!
* * * LOW HITPOINT WARNING * * *
You hit the orc priest.
The orc priest is moderately wounded.
The orc priest hits you but does no damage.
You hit the orc priest.
The orc priest is moderately wounded.
The orc priest hits you but does no damage.
An orc wizard comes into view. It is wielding a +0 dagger.
You feel yourself speed up. The orc priest hits you with a +0 club.
* * * LOW HITPOINT WARNING * * *
You completely miss the orc priest.
The orc priest is moderately wounded.
The orc priest hits you but does no damage.
The orc wizard casts a spell.
The orc wizard flickers and vanishes!
Deactivating autopickup; reactivate with Ctrl-A.
You sock the orc priest!
The orc priest is almost dead.
The orc priest closely misses you.
You closely miss the orc priest.
The orc priest is almost dead.
The orc priest closely misses you.
You hit the orc priest but do no damage.
The orc priest is almost dead.
The orc priest hits you but does no damage.
You hit the orc priest.
The orc priest is almost dead.
The orc priest hits you with a +0 club.
* * * LOW HITPOINT WARNING * * *
You closely miss the orc priest.
The orc priest is almost dead.
The orc priest hits you with a +0 club.
You die...

..
#...##############
..........)......#
#...############.#
#5 #.# #.# #@# #o#
#S# .{. .....
#.....# #.###.# ..
.# ... ..


You could see an orc priest and an adder.

Vanquished Creatures
  Jessica (D:2)
  2 adders (D:2)
  2 orcs
  3 ball pythons
  3 bats
  3 endoplasms
  A giant cockroach (D:1)
  A goblin (D:2)
  3 hobgoblins
  2 jackals (D:2)
  4 quokkas
  2 frilled lizards
  9 kobolds
  3 rats (D:2)
39 creatures vanquished.

Notes
Turn   | Place    | Note
-------+----------+-------------------------------------------
     0 | D:1      | pacmanke6689 the Gargoyle Earth Elementalist began the
                  | quest for the Orb.
     0 | D:1      | Reached XP level 1. HP: 10/10 MP: 3/3
   328 | D:1      | Reached XP level 2. HP: 8/15 MP: 0/5
   675 | D:1      | Found a faded altar of an unknown god.
   774 | D:1      | Reached skill level 4 in Earth Magic
  1306 | D:2      | Reached XP level 3. HP: 19/19 MP: 4/6
  1314 | D:2      | Noticed Jessica
  1316 | D:2      | Killed Jessica
  1437 | D:2      | Reached XP level 4. HP: 20/24 MP: 5/8
  2131 | D:2      | You fall into a shaft and drop 2 floors!
  2131 | D:4      | Found Isoid's Assorted Antiques.
  2131 | D:4      | Found Neimeedu's General Store.
  2131 | D:4      | Found Axzaosuq's Book Shoppe.
  2131 | D:4      | Found Mugote's General Store.
  2186 | D:3      | Noticed Grinder
  2353 | D:3      | Slain by an orc priest

Illustrated notes

Levels and vault maps discovered:
D:1:      dreamdust_arrival_sigmund_warning, layout_basic,
          basic_ecumenical_altar, supply_closet_lemuel, minmay_tetromino_s4
D:2:      layout_basic, serial_shops, nicolae_shop_hallway_plus, uniq_jessica,
          uniq_natasha, uniq_crazy_yiuf_cottage
D:3:      layout_loops_ring, serial_shops, nicolae_lakefront_shop, uniq_pargi,
          uniq_grinder
D:4:      layout_basic, nicolae_specific_store, minmay_shop_grid_forest

Skill      XL: |  1  2  3  4 |
---------------+-------------+-----
Earth Magic    | 4 |  4.8
Spellcasting   | 3 |  3.0
Fighting       | |  0.2
Maces & Flails | |  0.4
Dodging        | |  1.8
Stealth        | |  2.5
Transmutations | |  0.7

Action                   |  1- 3 |  4- 6 || total
-------------------------+-------+-------++-------
Melee: Unarmed           |    15 |       ||    15
       Club              |    26 |       ||    26
       Mace              |     3 |    55 ||    58
 Cast: Sandblast         |    34 |     6 ||    40
  Use: Scroll            |     3 |     6 ||     9
       Potion            |       |     1 ||     1
Armor: Robe              |    20 |    32 ||    52
Dodge: Dodged            |    33 |    43 ||    76
